Map: Acropolis LE

Players

Eprex

  • Race: Terran Terran
  • League: Master
  • Spawn Location: 11:00

Mez - Winner!

  • Race: Terran Terran
  • League: Master
  • Spawn Location: 5:00

VOD

Have the link to the VOD?

Description

Time

  • Played on: July 31, 2019, 1:36 p.m.
  • Length: 11:08
Show
View Real Time Build Order
Export as new Build Order

Eprex Terran 

Build Orders: Gas First Reaper Expand, Liberator Opening 

Get SALT Encoding   

  12  0:00  SCV  
  13  0:13  SCV  
  14  0:17  Supply Depot  
  14  0:25  SCV  
  15  0:29  Refinery  
  15  0:38  SCV  
  16  0:44  Barracks  
  16  0:50  SCV  
  17  1:02  SCV  
  18  1:15  SCV  
  19  1:31  Reaper, Orbital Command  
  20  1:45  Command Center  
  20  1:56  SCV  
  20  2:01  Factory  
  21  2:07  Reaper  
  22  2:11  Supply Depot  
  22  2:13  SCV  
  23  2:19  Refinery  
  23  2:33  SCV  
  24  2:41  Barracks Tech Lab  
  24  2:45  Hellion, SCV  
  24  2:50  Starport  
  27  3:02  Orbital Command  
  27  3:13  Cyclone  
  27  3:14  Marine  
  27  3:19  SCV  
  32  3:22  Orbital Command  
  32  3:29  Barracks  
  32  3:34  Barracks Reactor  
  32  3:52  Siege Tank  
  32  3:53  Liberator  
  34  4:00  SCV x2  
  36  4:09  Barracks, Supply Depot  
  36  4:10  Engineering Bay  
  36  4:12  SCV x2, Marine x2  
  43  4:24  SCV x2  
  45  4:34  Supply Depot  
  45  4:36  SCV  
  45  4:38  SCV  
  47  4:39  Marine, Barracks Tech Lab  
  47  4:40  Marine  
  49  4:47  Supply Depot  
  49  4:48  SCV  
  49  4:50  SCV  
  51  5:02  SCV  
  51  5:05  SCV  
  51  5:06  Siege Tank  
  54  5:07  Barracks Reactor  
  54  5:08  Stimpack  
  54  5:15  SCV  
  54  5:16  Refinery  
  54  5:17  Refinery, SCV  
  56  5:24  Command Center  
  56  5:27  SCV  
  57  5:29  SCV  
  57  5:32  Terran Infantry Weapons Level 1  
  57  5:34  Engineering Bay  
  58  5:40  SCV  
  59  5:42  Starport Reactor  
  59  5:43  Marine x3  
  59  5:51  Marine x2  
  59  5:55  SCV x2  
  63  6:01  Marine x2  
  63  6:03  Terran Infantry Armor Level 1, Supply Depot  
  65  6:07  SCV x2  
  65  6:11  Marine x2  
  69  6:19  SCV  
  69  6:25  Siege Tank, SCV  
  74  6:32  Marine x4  
  75  6:38  Marine  
  75  6:39  Viking x2  
  82  6:50  Marine x2  
  84  6:56  Marine x2  
  84  6:57  Widow Mine  
  84  6:58  SCV x2  
  84  7:00  Orbital Command  
  90  7:01  Armory  
  90  7:02  Marine  
  90  7:07  Supply Depot  
  90  7:08  Marine  
  77  7:21  Combat Shield  
  77  7:22  Marine x4  
  77  7:24  Barracks, Medivac  
  77  7:25  Barracks  
  81  7:34  Orbital Command  
  81  7:35  SCV x2  
  83  7:40  Siege Tank, Medivac  
  88  7:47  SCV  
  89  7:52  Missile Turret x2  
  87  8:00  Marine  
  87  8:01  Marine x4  
  87  8:02  SCV x2  
  88  8:14  SCV  
  88  8:16  Marine x2  
  88  8:18  Marine x3  
  88  8:19  Marine x2, Orbital Command  
  83  8:36  Marine x3  
  83  8:38  Siege Tank, Marine  
  83  8:39  Marine  
  92  8:42  Barracks Reactor  
  92  8:43  Terran Infantry Weapons Level 2  
  92  8:45  Barracks Reactor  
  91  8:48  SCV  
  91  8:49  SCV  
  91  8:54  Marine x3  
  94  8:56  Marine  
  94  9:01  SCV x3  
  96  9:06  Marine  
  97  9:10  Medivac  
  97  9:11  Medivac  
  97  9:14  Marine  
  101  9:27  Supply Depot  
  101  9:28  Supply Depot  
  101  9:29  Supply Depot  
  101  9:40  Command Center  
  101  9:41  Marine x5  
  101  9:42  Siege Tank  
  101  9:43  Supply Depot x2  
  109  9:49  Marine x4  
  109  9:52  Medivac x2  
  117  9:56  Refinery  
  117  9:57  Refinery  
  117  9:58  Factory  
  117  9:59  Marine x5  
  122  10:07  Marine x3  
  109  10:13  Marine  
  109  10:14  Siege Tank  
  95  10:17  Marine x3  
  95  10:19  Marine x2, Barracks  
  95  10:20  Concussive Shells  
  100  10:21  Barracks  
  100  10:24  SCV x2, Marine  
  100  10:25  SCV  
  104  10:33  Marine x3  
  107  10:39  Marine x5  
  107  10:42  Marine  
Show
View Real Time Build Order
Export as new Build Order

Mez Terran - Winner!

Build Orders:  

Get SALT Encoding   

  12  0:00  SCV  
  13  0:13  SCV  
  14  0:17  Supply Depot  
  14  0:25  SCV  
  15  0:38  SCV  
  15  0:40  Barracks  
  16  0:44  Refinery  
  16  0:50  SCV  
  17  0:59  Barracks  
  17  1:04  SCV  
  18  1:11  Refinery  
  18  1:16  SCV  
  19  1:28  Reaper  
  19  1:32  Orbital Command  
  20  1:44  Supply Depot  
  20  1:47  Reaper  
  21  1:58  SCV  
  21  2:01  Reaper  
  23  2:10  SCV  
  24  2:19  Reaper  
  25  2:25  SCV  
  26  2:30  Command Center  
  26  2:33  Reaper  
  27  2:40  SCV, Supply Depot  
  28  2:52  SCV  
  28  2:53  Barracks Tech Lab  
  29  3:04  SCV, Barracks  
  30  3:07  Barracks Reactor  
  30  3:16  SCV  
  30  3:17  Marine  
  30  3:19  Stimpack  
  32  3:28  SCV  
  33  3:35  Engineering Bay  
  33  3:38  Marauder  
  33  3:40  SCV  
  36  3:45  Orbital Command  
  36  3:52  SCV  
  36  3:59  Marauder  
  38  4:03  Marine x2  
  38  4:05  SCV  
  38  4:06  Barracks Reactor  
  38  4:08  Terran Infantry Weapons Level 1  
  41  4:16  SCV  
  42  4:21  Marauder  
  44  4:24  Marine x2  
  44  4:28  SCV  
  44  4:29  Factory, SCV  
  48  4:43  Marine x4  
  48  4:44  SCV x2  
  54  4:56  Command Center  
  54  4:58  Supply Depot  
  54  5:11  SCV x2, Marine  
  57  5:19  Engineering Bay, Armory  
  57  5:20  Factory Reactor  
  57  5:21  Marine x4, Starport  
  61  5:29  SCV x2  
  61  5:31  Marine  
  61  5:32  Combat Shield  
  58  5:52  Marine x5  
  58  5:54  SCV x2  
  65  6:00  Refinery  
  65  6:06  SCV x2  
  65  6:07  Medivac  
  65  6:08  Medivac  
  65  6:09  Terran Infantry Armor Level 1, Marine  
  73  6:18  SCV  
  73  6:20  Supply Depot  
  73  6:22  SCV  
  74  6:26  Marine  
  74  6:27  Marine x4  
  74  6:30  SCV  
  80  6:34  Orbital Command  
  80  6:37  Medivac  
  80  6:47  Medivac  
  80  6:49  Marine x3, Marauder  
  80  6:50  Marine  
  80  7:09  SCV x3  
  80  7:11  Marauder  
  83  7:21  SCV x2  
  83  7:22  Marine x4, Medivac x2  
  92  7:26  Barracks  
  92  7:27  Barracks, Terran Infantry Weapons Level 2  
  93  7:33  Refinery  
  93  7:39  Supply Depot x2  
  93  7:40  Supply Depot  
  93  8:00  Marine x2  
  93  8:01  SCV x3, Marine x3, Medivac x2  
  101  8:13  SCV x2  
  101  8:18  Marine  
  93  8:22  Marine  
  93  8:23  Marine  
  93  8:27  Barracks Reactor x2  
  95  8:31  SCV x2  
  95  8:32  SCV, Barracks  
  95  8:34  Barracks  
  98  8:35  Command Center, Barracks  
  98  8:37  Marine x3  
  98  8:40  Marine  
  102  8:44  Medivac x2  
  102  8:45  Terran Infantry Armor Level 2  
  94  9:05  SCV  
  94  9:06  SCV x2  
  94  9:08  Marine x4  
  94  9:09  Marine x3  
  106  9:13  Supply Depot  
  106  9:16  Supply Depot x2  
  105  9:18  SCV x3  
  109  9:25  Barracks Reactor x2  
  109  9:26  Barracks Tech Lab  
  109  9:27  Marine x4  
  109  9:28  Marine x5  
  109  9:30  SCV x2  
  117  9:35  Refinery, SCV, Medivac x2  
  122  9:44  Supply Depot  
  122  9:45  Marine x6, Supply Depot  
  121  9:46  Marine x4  
  127  10:02  Marine  
  127  10:03  Marine x7  
  129  10:14  Marine x6  
  123  10:20  Marine x2  
  123  10:21  Marine x3  
  131  10:26  Marine  
  131  10:27  Marine  
  131  10:28  Command Center, Medivac x2  
Tags
 
Add a new tag
Caveats
  • Supply blocks, unpowered buildings, or Contaminate may cause inaccurate times.
  • Supply counts are checked every 10 seconds.